 Dungeon Crawl Stone Soup version 0.23.2-1-ga50397a (webtiles) character file.

Game seed: 13721530325896383906

1988 Fang the Skirmisher (level 9, -4/57 HPs)
             Began as a Gargoyle Berserker on Apr 24, 2019.
             Was an Elder of Trog.
             Slain by a gnoll sergeant
             ... wielding a +3 halberd
              (8 damage)
             ... in a bailey.
             The game lasted 00:06:19 (5672 turns).

Fang the Skirmisher (Gargoyle Berserker)            Turns: 5672, Time: 00:06:20

Health: -4/57      AC: 19    Str: 24    XL:     9   Next: 21%
Magic:  9/9        EV:  9    Int:  8    God:    Trog [****..]
Gold:   349        SH:  0    Dex:  9    Spells: 8/8 levels left

rFire    . . .     SeeInvis .   a - +3 war axe
rCold    . . .     Gourm    .   (no shield)
rNeg     + . .     Faith    .   b - +0 plate armour
rPois    ∞         Spirit   .   (no helmet)
rElec    +         Reflect  .   (no cloak)
rCorr    +         Harm     .   (no gloves)
MR       .....                  (no boots)
Stlth    ..........             (no amulet)
HPRegen  0.19/turn              h - ring of resist corrosion
MPRegen  0.11/turn              f - ring of flight

@: berserk cooldown, slowed, very slow
A: negative energy resistance 1, electricity resistance, unbreathing,
petrification resistance, rot immunity, AC +6
a: Berserk, Trog's Hand, Brothers in Arms, Renounce Religion, Evoke Flight


You were in a bailey.
You worshipped Trog.
Trog was greatly pleased with you.
You were very hungry.

You visited 2 branches of the dungeon, and saw 8 of its levels.
You also visited: Bailey.

You collected 349 gold pieces.

Inventory:

Hand Weapons
 a - a +3 war axe (weapon)
Armour
 b - a +0 plate armour (worn)
Jewellery
 f - a ring of flight (right hand)
 h - a ring of resist corrosion (left hand)
 l - an uncursed ring of protection from magic
Wands
 e - a wand of random effects (10)
 q - a wand of polymorph (16)
 u - a wand of digging (5)
 x - a wand of clouds (6)
Scrolls
 d - 3 scrolls of fear
 i - 6 scrolls of remove curse
 n - a scroll of fog
 w - 2 scrolls of identify
 A - a scroll of teleportation
Potions
 g - a potion of lignification {unknown}
 j - a potion of heal wounds
 k - a potion of cancellation
 m - a potion of berserk rage
 o - a potion of mutation
 p - 2 potions of flight {unknown}
 r - 2 potions of might
 s - a potion of resistance
 t - 2 potions of curing
 v - a potion of haste {unknown}
Comestibles
 c - 14 rations
 z - a chunk of flesh


   Skills:
 + Level 7.2 Fighting
 + Level 6.0 Axes
 + Level 6.7 Armour
 + Level 5.1 Dodging


You had 8 spell levels left.
You didn't know any spells.
Your spell library was empty.

Dungeon Overview and Level Annotations

Branches:
Dungeon (7/15)             Temple (1/1) D:4

Altars:
Dithmenos
Fedhas
Hepliaklqana
Nemelex Xobeh

Shops:
D:6 :


Innate Abilities, Weirdness & Mutations

You are resistant to torment.
Your stone body is resilient. (AC +6)
You are immune to poison.
You resist negative energy. (rN+)
You are resistant to electric shocks. (rElec)
You can survive without breathing.
You are immune to petrification.
You are immune to rotting.


Message History

The gnoll hits you but does no damage.
The gnoll sergeant hits you from afar with a +0 glaive.
The gnoll hits you but does no damage.
The gnoll sergeant hits you but does no damage.
The gnoll hits you from afar with a +0 trident.
The gnoll sergeant hits you from afar with a +0 glaive.
The gnoll barely misses you.
The gnoll sergeant hits you from afar with a +0 glaive!
* * * LOW HITPOINT WARNING * * *
The gnoll hits you but does no damage. The gnoll misses you.
The gnoll sergeant barely misses you.
The gnoll shaman calls upon its god to speed up the gnoll.
The gnoll seems to speed up.
The gnoll sergeant barely misses you.
There is an empty arch of ancient stone here.
The gnoll sergeant hits you but does no damage.
The gnoll hits you but does no damage.
The gnoll sergeant hits you from afar with a +0 glaive!
* * * LOW HITPOINT WARNING * * *
The gnoll sergeant hits you from afar with a +3 halberd!
You die...

..≈≈♣♣ #..≈.♣
#..≈.♣♣ #..≈..♣♣
#..≈...♣ #..≈...♣
#####.)≈†..♣♣
.#...'.)....g♣♣♣#
.'...'.))gg.g.@∩#
.#...'......g♣♣♣#
#####..≈...♣♣
#..≈..♣♣ #..≈..♣
#..≈..♣ #..≈.♣♣
#..≈.♣


You could see 2 gnoll sergeants, a gnoll shaman and 2 gnolls.

Vanquished Creatures
  Grinder (D:5)
  2 orc warriors (D:6)
  An ice beast (D:6)
  A black bear (D:7)
  2 sky beasts
  2 centaurs (D:6)
  2 bullfrogs (D:6)
  A scorpion (D:5)
  A bullfrog zombie (D:6)
  2 crimson imps
  2 orc priests
  7 hounds
  A jelly (D:5)
  Jessica (D:2)
  2 iguanas (D:7)
  Terence (D:3)
  2 orc wizards (D:6)
  2 worker ants (D:5)
  A hound zombie (D:6)
  A howler monkey skeleton (D:6)
  A worker ant zombie (D:5)
  8 gnolls
  6 adders
  A shadow imp (D:5)
  2 oozes
  An adder skeleton (D:5)
  6 worms
  3 dart slugs
  4 leopard geckos
  13 orcs
  4 giant cockroaches
  13 goblins
  4 hobgoblins
  17 jackals
  8 kobolds
  4 quokkas
  10 bats
  2 frilled lizards
  A leopard gecko skeleton (D:5)
  11 rats
154 creatures vanquished.

Notes
Turn   | Place    | Note
-------+----------+-------------------------------------------
     0 | D:1      | Fang the Gargoyle Berserker began the quest for the Orb.
     0 | D:1      | Reached XP level 1. HP: 14/14 MP: 1/1
   134 | D:1      | Reached XP level 2. HP: 19/19 MP: 2/2
   395 | D:1      | Reached XP level 3. HP: 16/23 MP: 3/3
   665 | D:2      | Reached ** piety under Trog
  1039 | D:2      | Noticed Jessica
  1042 | D:2      | Killed Jessica
  1042 | D:2      | Reached XP level 4. HP: 27/29 MP: 4/4
  1366 | D:2      | Found a blossoming altar of Fedhas.
  1433 | D:3      | Reached skill level 4 in Fighting
  1441 | D:3      | Reached XP level 5. HP: 25/33 MP: 5/5
  2398 | D:3      | Noticed Terence
  2414 | D:3      | Killed Terence
  2420 | D:3      | Reached *** piety under Trog
  2928 | D:4      | Reached XP level 6. HP: 33/39 MP: 6/6
  3138 | D:4      | Found a staircase to the Ecumenical Temple.
  3153 | Temple   | Entered the Ecumenical Temple
  3335 | D:4      | Found a shadowy altar of Dithmenos.
  3586 | D:5      | Entered Level 5 of the Dungeon
  3626 | D:5      | Noticed Grinder
  3632 | D:5      | Paralysed by Grinder for 5 turns
  3640 | D:5      | Killed Grinder
  3640 | D:5      | Reached skill level 5 in Fighting
  3640 | D:5      | Reached XP level 7. HP: 44/44 MP: 7/7
  3990 | D:5      | Reached skill level 5 in Armour
  4262 | D:6      | Reached XP level 8. HP: 37/51 MP: 8/8
  4667 | D:6      | Reached skill level 6 in Fighting
  4667 | D:6      | Reached skill level 5 in Axes
  4945 | D:6      | Reached **** piety under Trog
  5093 | D:6      | Reached XP level 9. HP: 56/56 MP: 9/9
  5109 | D:6      | Reached skill level 7 in Fighting
  5361 | D:6      | Found Tocviymo's Book Emporium.
  5462 | D:7      | Reached skill level 5 in Dodging
  5613 | D:7      | Found a flagged portal.
  5628 | Bailey   | Entered a bailey
  5672 | Bailey   | Slain by a gnoll sergeant

Skill      XL: |  1  2  3  4  5  6  7  8  9 |
---------------+----------------------------+-----
Axes           | 3 4 5 6 |  6.0
Dodging        | 2 3 4 5 |  5.1
Armour         | 3 4 5 6 |  6.7
Fighting       | 4 5 6 7 |  7.2

Action                   |  1- 3 |  4- 6 |  7- 9 || total
-------------------------+-------+-------+-------++-------
Melee: Hand axe          |    89 |   223 |       ||   312
       War axe           |       |    34 |   228 ||   262
Invok: Berserk           |       |     2 |     3 ||     5
  Use: Scroll            |       |     9 |     8 ||    17
 Stab: Sleeping          |       |     1 |       ||     1
  Eat: Chunk             |       |    10 |     6 ||    16
       Ration            |       |       |     1 ||     1
Armor: Animal skin       |    38 |    39 |       ||    77
       Chain mail        |       |    81 |       ||    81
       Plate armour      |       |    88 |   271 ||   359
       Skin              |       |     1 |       ||     1
Dodge: Dodged            |    60 |   157 |   189 ||   406
